 Dungeon Crawl Stone Soup version 0.28-a0-863-g8cecda6153 (webtiles) character file.

Game seed: 14085666962620816201

7151 sanka the Grappler (level 10, 0/78 HPs)
             Began as a Palentonga Transmuter on Nov 17, 2021.
             Was an Elder of Okawaru.
             Slain by an orc warrior (15 damage)
             ... on level 10 of the Dungeon.
             The game lasted 00:21:14 (14777 turns).

sanka the Grappler (Palentonga Transmuter)         Turns: 14777, Time: 00:21:14

Health: 0/78       AC:  2    Str: 13    XL:     10   Next: 86%
Magic:  0/15       EV: 30    Int: 16    God:    Okawaru [****..]
Gold:   391        SH:  0    Dex: 17    Spells: 10/15 levels left

rFire   . . .      SeeInvis +     - Unarmed
rCold   . . .      Faith    .   (shield currently unavailable)
rNeg    . . .      Spirit   +   (armour currently unavailable)
rPois   x          Reflect  .   (helmet currently unavailable)
rElec   .          Harm     .   (cloak currently unavailable)
rCorr   .          Rampage  .   (gloves currently unavailable)
Will    .....                   (no barding)
Stlth   +++.......              e - amulet of guardian spirit
HPRegen 0.23/turn               (no ring)
MPRegen 0.14/turn               A - ring of flight

@: lethally poisoned (0 -> -2), spider-form, heroic, flying
A: venomous fangs, tiny, rugged brown scales 3, see invisible, (deformed body),
(roll 1), (armoured tail), (reflexive curl)
a: End Transformation, Renounce Religion, Heroism, Finesse


You were on level 10 of the Dungeon.
You worshipped Okawaru.
Okawaru was greatly pleased with you.
You were a venomous arachnid creature.
You visited 2 branches of the dungeon, and saw 11 of its levels.

You collected 391 gold pieces.


Innate Abilities, Weirdness & Mutations

You are a venomous arachnid creature.
You have poisonous fangs.
You are tiny and dextrous.
Your spellcasting is less reliable in this form.
Your armour is entirely melded.
You are incapable of wielding weapons or throwing items.
(You are completely covered in rugged brown scales. (AC +3, +7% HP))
You have supernaturally acute eyesight. (SInv)
((Armour fits poorly on your strangely shaped body.))
((You can roll at nearby foes to attack.))
((You have a long armoured tail.))
((You curl defensively after being hit. (AC +7*)))


   Skills:
 + Level 4.6(9.6) Fighting
 - Level 8.0(13.0) Dodging
 + Level 8.8(13.8) Unarmed Combat
 + Level 3.1 Spellcasting
 + Level 6.6 Transmutations
 - Level 2.0 Poison Magic
 + Level 7.2 Invocations
 + Level 2.2 Evocations


You had 10 spell levels left.
You knew the following spells:

 Your Spells              Type           Power      Damage    Failure   Level
x - Spider Form           Tmut/Pois      16%        N/A       24%         3
y - Wereblood             Tmut           23%        N/A       8%          2

Your spell library contained the following spells:

 Spells                   Type           Power      Damage    Failure   Level
 Beastly Appendage        Tmut           46%        N/A       6%          1
 Ice Form                 Ice/Tmut       13%        N/A       65%         4
 Fulminant Prism          Conj/Hex       1%         3d6       96%         4
 Iskenderun's Mystic Bla  Conj/Tloc      2%         2d3       96%         4
 Lee's Rapid Deconstruct  Erth           1%         3d5*      100%        5

Inventory:

Hand Weapons
 l - a +2 quarterstaff of chaos
Armour
 j - a +0 cloak (melded)
 r - a +3 leather armour (melded)
 C - a +0 pair of gloves
Jewellery
 e - an amulet of guardian spirit (around neck)
 x - an amulet of the acrobat
 A - a ring of flight (right front leg)
Wands
 a - a wand of paralysis (34)
 s - a wand of flame (64)
 E - a wand of iceblast (7)
Scrolls
 b - 2 scrolls of enchant weapon {unknown}
 c - a scroll of fog {unknown}
 d - 2 scrolls of teleportation {@r4}
 h - 3 scrolls of amnesia
 m - 2 scrolls of magic mapping {unknown}
 o - 2 scrolls of noise {unknown}
 p - a scroll of acquirement {unknown}
 q - 3 scrolls of immolation {!r}
 y - 4 scrolls of identify {unknown}
 z - a scroll of silence {unknown}
 B - a scroll of vulnerability {unknown}
 F - 2 scrolls of blinking {unknown}
 H - a scroll of fear {unknown}
Potions
 f - 2 potions of brilliance {unknown}
 g - a potion of cancellation {unknown}
 i - a potion of attraction {unknown}
 k - 2 potions of degeneration {unknown}
 n - 4 potions of heal wounds {unknown}
 t - a potion of berserk rage {unknown}
 u - 2 potions of curing {@q1}
 v - a potion of invisibility {unknown}
 w - a potion of experience {unknown}
 D - a potion of might {unknown}
 G - a potion of magic {unknown}
 I - a potion of lignification {unknown}

Dungeon Overview and Level Annotations

Branches:
Dungeon (10/15)            Temple (1/1) D:4            Lair (0/6) D:8
    Orc: D:9-12

Altars:
Cheibriados
Dithmenos
Elyvilon
Fedhas
Gozag
Hepliaklqana
Kikubaaqudgha
Makhleb
Nemelex Xobeh
Okawaru
Qazlal
Ru
Sif Muna
Trog
Uskayaw
Vehumet
Wu Jian
Xom
Yredelemnul
Zin
The Shining One

Shops:
D:4

[ ▒▒▒▒..▒ ▒..▒
▒▒..▒ ▒[..▒▒▒▒
▒......▒
▒▒..▒▒.▒ ▒..▒▒.▒
▒▒▒▒▒▒▒▒▒▒..▒▒.▒
▒>....soo...▒▒.▒
▒.▒.▒▒▒▒▒..▒▒▒<▒
▒.)▒ ▒.▒ ▒y.▒
▒.▒ ▒o.▒ ▒.▒
.... ....▒▒
.▒▒.▒▒ .. ▒.▒


You could see an orc warrior (extremely poisoned) and an orc.


Message History

The orc warrior is heavily wounded.
You feel sick. The orc warrior barely misses you.
Unknown command.
You closely miss the orc warrior.
The orc warrior is heavily wounded.
You feel sick.
The orc hits you from afar with a +0 trident.
* * * LOW HITPOINT WARNING * * *
Unknown command.
You hit the orc warrior but do no damage.
The orc warrior is heavily wounded.
You feel sick.
The orc warrior hits you with a +0 battleaxe!!
* * * LOW HITPOINT WARNING * * *
The orc closely misses you.
Unknown command.
Unknown command.
You turn into a venomous arachnid creature.
You feel sick. The orc warrior completely misses you.
The orc closely misses you.
Use which ability? (? or * to list)
Okay, then.
You bite the orc warrior!
The orc warrior looks as sick as possible!
The orc warrior is almost dead.
You feel sick.
The orc warrior hits you with a +0 battleaxe!
You die...

Action                   |  1- 3 |  4- 6 |  7- 9 | 10-12 || total
-------------------------+-------+-------+-------+-------++-------
Melee: Unarmed           |   143 |   189 |   209 |   209 ||   750
       Tailslap          |    10 |     7 |     3 |     2 ||    22
       Kick              |     9 |     8 |       |       ||    17
       Headbutt          |     6 |     7 |       |       ||    13
 Cast: Beastly Appendage |    12 |    17 |       |       ||    29
       Spider Form       |       |    12 |    23 |    30 ||    65
Invok: Heroism           |       |       |     7 |    10 ||    17
Evoke: Wand              |       |       |    39 |       ||    39
  Use: Scroll            |       |       |       |     3 ||     3
 Stab: Paralysed         |       |       |    10 |       ||    10
       Distracted        |       |       |       |     1 ||     1
Armor: Robe              |    53 |    16 |       |       ||    69
       Leather armour    |       |    20 |     8 |     4 ||    32
       Skin              |       |     2 |     4 |     6 ||    12
Dodge: Dodged            |    59 |    93 |   175 |   207 ||   534

Levels and vault maps discovered:
D:1:      dpeg_arrival_prison, layout_basic,
          shapermc_ecumenical_altar_notcrosses
D:2:      layout_basic, uniq_crazy_yiuf_cottage
D:3:      layout_loops_ring, gammafunk_temple_overflow_pools, serial_undead,
          serial_undead_f, serial_undead_c, serial_undead_c, serial_undead_a
D:4:      layout_loops_ring, grunt_gozag_statues, minmay_temple_entry_overgrown,
          serial_shops, shop
D:5:      layout_cave_pools, mainiacjoe_overflow_alcove_4, tso_metal_star,
          gup_sewer_entry_spiral, serial_column_ruins, column_ruins_hut,
          column_ruins_corridor_water, column_ruins_corridor_straight,
          column_ruins_grid_4, column_ruins_open_tiny,
          column_ruins_columns_corner
D:6:      gammafunk_wand_slinger, layout_loops_ring,
          pdpol_wu_jian_five_deadly_venoms, ebering_ghost_rock_garden,
          uniq_maggie, uniq_pikel
D:7:      layout_cave_pools, uniq_joseph
D:8:      layout_loops_ring, lair_entry_dummy
D:9:      layout_long_grid, grunt_dithmenos_smoke
D:10:     layout_loops_ring, ashenzari_conservatory_becter,
          minmay_misc_feat_plants
Temple:   jpeg_temple_clearing

Notes
Turn   | Place    | Note
-------+----------+-------------------------------------------
     0 | D:1      | sanka the Palentonga Transmuter began the quest for the
                  | Orb.
     0 | D:1      | Reached XP level 1. HP: 16/16 MP: 3/3
   119 | D:1      | Found a faded altar of an unknown god.
   155 | D:1      | Reached XP level 2. HP: 22/22 MP: 5/5
   282 | D:1      | Reached skill level 3 in Transmutations
   982 | D:1      | Reached XP level 3. HP: 21/27 MP: 4/6
  1043 | D:1      | Learned a level 2 spell: Wereblood
  1047 | D:1      | Learned a level 3 spell: Spider Form
  2200 | D:2      | Reached skill level 1 in Poison Magic
  2405 | D:2      | Found a runed translucent door.
  2406 | D:2      | Noticed Crazy Yiuf
  2628 | D:2      | Reached XP level 4. HP: 34/34 MP: 4/7
  2708 | D:2      | Reached skill level 4 in Transmutations
  2809 | D:2      | Killed Crazy Yiuf
  3485 | D:3      | Found an iron altar of Okawaru.
  3486 | D:3      | Found a blossoming altar of Fedhas.
  3854 | D:4      | Found an opulent altar of Gozag.
  4102 | D:4      | Reached skill level 2 in Poison Magic
  4102 | D:4      | Reached XP level 5. HP: 16/39 MP: 3/8
  4281 | D:4      | Found a staircase to the Ecumenical Temple.
  4284 | D:4      | Noticed an ogre
  4299 | D:4      | Killed an ogre
  4300 | D:4      | Reached skill level 5 in Transmutations
  4594 | D:4      | Found Xiefiac's Armour Shoppe.
  4889 | Temple   | Entered the Ecumenical Temple
  5026 | D:3      | Became a worshipper of Warmaster Okawaru
  5083 | D:5      | Entered Level 5 of the Dungeon
  5094 | D:5      | Noticed a sky beast
  5107 | D:5      | Killed a sky beast
  5108 | D:5      | Reached skill level 6 in Transmutations
  5108 | D:5      | Reached XP level 6. HP: 46/46 MP: 6/9
  5163 | D:5      | Reached skill level 2 in Dodging
  5962 | D:5      | Found a glowing golden altar of the Shining One.
  6143 | D:5      | Reached skill level 2 in Fighting
  6428 | D:5      | Gained mutation: You curl defensively after being hit. (AC
                  | +7*) [Palentonga growth]
  6428 | D:5      | Reached XP level 7. HP: 30/53 MP: 5/10
  6571 | D:5      | Reached skill level 4 in Unarmed Combat
  6755 | D:5      | Found a hide-covered altar of Uskayaw.
  6871 | D:5      | Reached * piety under Okawaru
  6884 | D:5      | Reached skill level 3 in Fighting
  6884 | D:5      | Reached skill level 3 in Dodging
  7219 | D:6      | Noticed Pikel
  7423 | D:5      | Killed Pikel
  7423 | D:5      | Reached ** piety under Okawaru
  7424 | D:5      | Reached skill level 5 in Unarmed Combat
  7424 | D:5      | Reached skill level 2 in Invocations
  7424 | D:5      | Reached XP level 8. HP: 10/62 MP: 3/11
  7703 | D:5      | Reached skill level 4 in Dodging
  7703 | D:5      | Reached skill level 3 in Invocations
  8152 | D:6      | Reached skill level 6 in Unarmed Combat
  8286 | D:6      | Reached skill level 4 in Invocations
  8372 | D:6      | Reached *** piety under Okawaru
  8505 | D:6      | Found a runed translucent gate.
  8505 | D:6      | Found a runed translucent gate.
  8505 | D:6      | Found a runed translucent gate.
  8505 | D:6      | Noticed vurker's ghost (novice TeAE)
  8522 | D:6      | Reached skill level 5 in Dodging
  8570 | D:6      | Identified +0 steam dragon scales
  8570 | D:6      | Noticed Maggie
  8586 | D:6      | HP: 2/62 [Maggie/bolt of fire (24)]
  8588 | D:6      | Killed Maggie
  8589 | D:6      | Reached skill level 7 in Unarmed Combat
  8589 | D:6      | Reached XP level 9. HP: 3/67 MP: 0/12
  8591 | D:6      | HP: 2/67 [necrophage (1)]
  9087 | D:6      | Found an ornate altar of the Wu Jian Council.
  9191 | D:6      | Found a transporter.
  9209 | D:6      | Noticed a kobold demonologist
  9318 | D:6      | Found a transporter.
  9424 | D:6      | HP: 5/67 [vurker's ghost (3)]
  9425 | D:6      | Killed vurker's ghost
  9426 | D:6      | Reached skill level 6 in Dodging
  9775 | D:6      | Killed a kobold demonologist
  9775 | D:6      | Reached **** piety under Okawaru
  9776 | D:6      | Reached skill level 8 in Unarmed Combat
 10277 | D:7      | Noticed Joseph
 10298 | D:7      | Killed Joseph
 10299 | D:7      | Reached skill level 7 in Dodging
 10299 | D:7      | Reached skill level 5 in Invocations
 10880 | D:7      | Reached XP level 10. HP: 74/74 MP: 9/14
 11186 | D:7      | Reached skill level 6 in Invocations
 12450 | D:8      | Found a staircase to the Lair.
 13277 | D:9      | Found a shadowy altar of Dithmenos.
 13370 | D:9      | Identified the +3 mace "Buzoorruoc" {venom, rElec}
 13387 | D:9      | HP: 6/75 [poisoned by an orc warrior]
 13392 | D:9      | HP: 2/75 [poisoned by an orc warrior]
 13888 | D:9      | Reached skill level 8 in Dodging
 13888 | D:9      | Reached skill level 1 in Evocations
 14012 | D:9      | Reached skill level 4 in Fighting
 14503 | D:10     | Entered Level 10 of the Dungeon
 14599 | D:10     | Noticed a manticore
 14608 | D:10     | Killed a manticore
 14609 | D:10     | Reached skill level 7 in Invocations
 14609 | D:10     | Reached skill level 2 in Evocations
 14725 | D:10     | Reached skill level 3 in Spellcasting
 14764 | D:10     | Received a gift from Okawaru
 14777 | D:10     | Slain by an orc warrior

Vanquished Creatures
  The ghost of vurker the Zephyrmancer, a novice TeAE of Vehumet (D:6)
  Pikel (D:5)
  A manticore (D:10)
  A centaur zombie (D:10)
  Joseph (D:7)
  Maggie (D:6)
  A kobold demonologist (D:6)
  A troll (D:9)
  2 wyverns
  A wraith (D:9)
  3 yaks (D:10)
  An acid dragon (D:5)
  5 water moccasins
  2 orc warriors
  3 ogres
  A sky beast (D:5)
  3 necrophages
  A black bear (D:5)
  A phantom (D:6)
  3 centaurs
  4 lemures (D:5)
  A gnoll sergeant (D:8)
  2 scorpions
  2 wyvern zombies
  A water moccasin zombie (D:7)
  4 killer bees (D:10)
  11 wights
  A jelly (D:5)
  8 orc priests
  2 hounds (D:7)
  Crazy Yiuf (D:2)
  A bullfrog skeleton (D:7)
  A gnoll shaman (D:8)
  3 iguanas
  2 orc wizards (D:8)
  A killer bee zombie (D:6)
  A howler monkey zombie (D:8)
  12 gnolls
  2 adders
  A river rat (D:5)
  3 shadow imps (D:6)
  A white imp (D:7)
  2 ufetubi
  2 adder zombies (D:3)
  2 worms (D:5)
  4 dart slugs
  20 orcs
  9 ball pythons
  2 bats (D:1)
  4 endoplasms (D:1)
  3 giant cockroaches
  2 goblins (D:1)
  8 hobgoblins
  3 jackals (D:2)
  7 quokkas
  A ball python skeleton (D:3)
  2 frilled lizards (D:2)
  8 kobolds
  A quokka zombie (D:3)
  11 rats
190 creatures vanquished.

Vanquished Creatures (others)
  2 plants (D:4)
2 creatures vanquished.

Grand Total: 192 creatures vanquished
